 Dungeon Crawl Stone Soup version 0.28-a0-804-g60983d4ba9 (webtiles) character file.

Game seed: 9738495686236638515

543 lessens the Archer (level 7, -2/38 HPs)
             Began as a Deep Elf Hunter on Nov 7, 2021.
             Was a Follower of Okawaru.
             Slain by an orc (8 damage)
             ... on level 4 of the Dungeon.
             The game lasted 00:07:14 (5849 turns).

lessens the Archer (Deep Elf Hunter)                Turns: 5849, Time: 00:07:14

Health: -2/38      AC:  7    Str: 11    XL:     7   Next: 6%
Magic:  9/9        EV: 12    Int: 16    God:    Okawaru [*.....]
Gold:   70         SH:  0    Dex: 15    Spells: 6/6 levels left

rFire   + . .      SeeInvis .   a - +1 shortbow
rCold   + . .      Faith    .   (shield currently unavailable)
rNeg    . . .      Spirit   .   c - +0 leather armour
rPois   +          Reflect  .   (no helmet)
rElec   +          Harm     .   (no cloak)
rCorr   +          Rampage  .   (no gloves)
Will    .....                   (no boots)
Stlth   +.........              (no amulet)
HPRegen 0.12/turn               t - +4 ring of protection
MPRegen 0.11/turn               (no ring)

@: confused, resistant, ambrosia-drunk, flying
A: no striking features
a: Renounce Religion, Heroism


You were on level 4 of the Dungeon.
You worshipped Okawaru.
Okawaru was aware of your devotion.
You visited 2 branches of the dungeon, and saw 5 of its levels.

You collected 114 gold pieces.
You spent 44 gold pieces at shops.

Inventory:

Hand Weapons
 a - a +1 shortbow (weapon)
 b - a +4 dire flail of protection
 x - a +0 short sword
 F - a +0 quarterstaff
Missiles
 d - 32 arrows (quivered ammo)
 h - 178 stones
 D - 2 boomerangs
 E - 10 poisoned darts
Armour
 c - a +0 leather armour (worn)
Jewellery
 n - a ring of ice
 t - a +4 ring of protection (left hand)
 y - a ring of protection from cold
Wands
 G - a wand of polymorph (5)
Scrolls
 e - 5 scrolls of teleportation {unknown}
 f - 2 scrolls of enchant armour {unknown}
 g - a scroll of brand weapon {unknown}
 i - 2 scrolls of amnesia {unknown}
 j - a scroll of fear {unknown}
 k - a scroll of blinking {unknown}
 o - 7 scrolls of identify {unknown}
 p - a scroll of acquirement {unknown}
 r - a scroll of noise {unknown}
 A - 2 scrolls of vulnerability {unknown}
 B - a scroll of fog {unknown}
 C - a scroll of magic mapping {unknown}
 H - 3 scrolls of torment {unknown}
Potions
 m - a potion of resistance
 q - 2 potions of curing
 s - a potion of attraction {unknown}
 u - a potion of haste {unknown}
 v - 2 potions of flight
 z - a potion of magic {unknown}


   Skills:
 - Level 1.5 Fighting
 * Level 11.1 Bows
 - Level 2.4 Dodging
 - Level 1.2 Stealth
 + Level 0.3 Invocations


You had 6 spell levels left.
You didn't know any spells.
Your spell library contained the following spells:

 Spells                   Type           Power      Damage    Failure   Level
 Magic Dart               Conj           0%         1d3       32%         1
 Searing Ray              Conj           0%         2d4       45%         2
 Fulminant Prism          Conj/Hex       0%         3d6       97%         4


Dungeon Overview and Level Annotations

Branches:
Dungeon (4/15)             Temple (1/1) D:4

Altars:
Ashenzari
Cheibriados
Dithmenos
Elyvilon
Fedhas
Gozag
Hepliaklqana
Kikubaaqudgha
Makhleb
Nemelex Xobeh
Okawaru
Qazlal
Ru
Sif Muna
Uskayaw
Vehumet
Xom
Yredelemnul
Zin
The Shining One

Shops:
D:1 (   D:2 (   D:4 :


Message History

You easily resist.
You shoot an arrow. The arrow hits the orc wizard.
You kill the orc wizard!
Okawaru accepts your kill.
Your +4 dire flail of protection hums with potential!
b - a +4 dire flail of protection (weapon)
An orc priest comes into view. It is wielding a +0 flail.
The orc priest shouts!
Things that are here:
a +0 dagger; a +0 robe; 2 arrows You see here 2 arrows.
You closely miss the orc.
The orc hits you with a +4 flail of protection. x2
You barely miss the orc.
The orc priest begins to cast a cantrip, but forgets the words!
The orc hits you with a +4 flail of protection.
Your +4 dire flail of protection goes still.
a - a +1 shortbow (weapon)
The orc priest calls down the wrath of Beogh upon you.
Beogh smites you!
* * * LOW HITPOINT WARNING * * *
Fire: 32 arrows
Press: ? - help, Q - select action, (/) - cycle Shift-Dir - straight line, f - orc
Aim: an orc, wielding a +4 flail of protection (65% to hit)
Okay, then.
It was a potion of resistance.
You feel protected.
The orc hits you with a +4 flail of protection.
* * * LOW HITPOINT WARNING * * *
It was a potion of curing.
You feel better. The orc misses you.
The orc priest hits you with a +0 flail!
* * * LOW HITPOINT WARNING * * *
It was a potion of flight.
You feel very buoyant.
You fly up into the air.
The orc misses you. The orc priest barely misses you.
It was a potion of ambrosia.
You are confused.
You feel invigorated.
The orc hits you with a +4 flail of protection!
You die...

#.. #.. ######.. .
##########+####.......
..##......##.....#.......
.................#.......
.?...............#.......
.........).......#.......
.......o@........#....)..
####+##o##########.......
.........................
.........................
.........................
...(.....................
.........................
..!......................
.........................


You could see an orc priest and an orc.

Vanquished Creatures
  Grinder (D:4)
  Edmund (D:4)
  An iguana (D:4)
  An orc wizard (D:4)
  A hound skeleton (D:4)
  8 adders
  An adder skeleton (D:4)
  2 worms (D:2)
  2 dart slugs
  9 orcs
  6 endoplasms
  3 giant cockroaches
  3 hobgoblins
  A quokka (D:1)
  5 ball pythons
  3 bats
  A frilled lizard (D:1)
  9 goblins
  5 kobolds
  7 rats
70 creatures vanquished.

Notes
Turn   | Place    | Note
-------+----------+-------------------------------------------
     0 | D:1      | lessens the Deep Elf Hunter began the quest for the Orb.
     0 | D:1      | Reached XP level 1. HP: 12/12 MP: 3/3
   616 | D:1      | Reached skill level 6 in Bows
   616 | D:1      | Reached XP level 2. HP: 5/16 MP: 4/4
  1147 | D:1      | Found Tigiwu's Weapon Shop.
  1677 | D:1      | Found a faded altar of an unknown god.
  2317 | D:2      | Reached XP level 3. HP: 17/20 MP: 5/5
  2571 | D:2      | Reached skill level 7 in Bows
  2985 | D:2      | Found Cimnorph's Weapon Shoppe.
  2991 | D:2      | Bought 17 arrows for 44 gold pieces
  3130 | D:2      | Reached XP level 4. HP: 23/25 MP: 6/6
  3655 | D:3      | Paralysed by an orc for 4 turns
  3997 | D:3      | Reached skill level 8 in Bows
  4316 | D:4      | Found Tuitedoc's Book Boutique.
  4355 | D:4      | Found a staircase to the Ecumenical Temple.
  4367 | Temple   | Entered the Ecumenical Temple
  4463 | Temple   | Became a worshipper of Warmaster Okawaru
  4657 | D:4      | Reached XP level 5. HP: 29/29 MP: 7/7
  5019 | D:4      | Noticed Edmund
  5046 | D:4      | Killed Edmund
  5047 | D:4      | Reached skill level 9 in Bows
  5069 | D:4      | Reached XP level 6. HP: 26/34 MP: 8/8
  5492 | D:4      | Noticed Grinder
  5509 | D:4      | Killed Grinder
  5509 | D:4      | Reached * piety under Okawaru
  5510 | D:4      | Reached skill level 11 in Bows
  5510 | D:4      | Reached XP level 7. HP: 5/38 MP: 9/9
  5849 | D:4      | Slain by an orc

Illustrated notes

Levels and vault maps discovered:
D:1:      saegor_arrival_miasma, layout_basic, serial_shops,
          nicolae_square_shop, basic_ecumenical_altar, minmay_pentomino_q4
D:2:      layout_basic, serial_shops, nicolae_shop_trees, minmay_3d_cube
D:3:      layout_basic
D:4:      layout_gridville, temple_fountains, serial_shops, shop_fountains,
          uniq_edmund, uniq_grinder
Temple:   regret_index_temple_sigil_plot

Skill      XL: |  1  2  3  4  5  6 |
---------------+-------------------+-----
Bows           | 6 7 8 9 11 | 11.1
Fighting       | |  1.5
Dodging        | |  2.4
Stealth        | |  1.2
Invocations    | |  0.3

Action                   |  1- 3 |  4- 6 |  7- 9 || total
-------------------------+-------+-------+-------++-------
Melee: Short sword       |   122 |    68 |       ||   190
       Quarterstaff      |       |    61 |       ||    61
       Unarmed           |       |    18 |       ||    18
       Dire flail        |       |    30 |     2 ||    32
 Fire: Shortbow          |    31 |    25 |     6 ||    62
Evoke: Wand              |       |     3 |       ||     3
  Use: Potion            |       |       |     4 ||     4
 Stab: Sleeping          |     2 |     2 |       ||     4
       Confused          |       |     3 |       ||     3
       Paralysed         |       |     8 |       ||     8
Armor: Leather armour    |    33 |    87 |       ||   120
       Skin              |       |     2 |       ||     2
Dodge: Dodged            |    85 |   134 |     3 ||   222

Table legend: (Time is in decaauts)
 A = Elapsed time spent in this place.
 B = Non-inter-level travel time spent in this place.
 C = Inter-level travel time spent in this place.
 D = Time resting spent in this place.
 E = Time spent auto-exploring this place.
 F = Levels seen in this place.
 G = Mean time per level.
                   A        B        C        D        E       F      G
               +--------+--------+--------+--------+--------+-----+--------+
         Total |   5870 |   5713 |    157 |      4 |   4863 |   5 | 1174.0 |
       Dungeon |   5743 |   5616 |    127 |      4 |   4794 |   4 | 1435.8 |
        Temple |    126 |     96 |     30 |      0 |     69 |   1 |  126.0 |
               +--------+--------+--------+--------+--------+-----+--------+

Top non-repeatable levels by time:
     D:1: 2258 daAuts
     D:4: 1418 daAuts
     D:2: 1240 daAuts
     D:3: 825 daAuts
  Temple: 126 daAuts
